 Dungeon Crawl Stone Soup version 0.28.0-43-g3370ac3207 (console) character file.

Game seed: 9964585267346223555

67769 Zeor the Fencer (level 14, -9/113 HPs)
             Began as a Demonspawn Berserker on Mar 31, 2022.
             Was a High Priest of Trog.
             Killed from afar by a guardian serpent (21 damage)
             ... with a bolt of poison
             ... on level 6 of the Lair of Beasts.
             The game lasted 01:17:27 (22902 turns).

Zeor the Fencer (Demonspawn Berserker)             Turns: 22902, Time: 01:17:29

Health: -9/113     AC: 33    Str: 26    XL:     14   Next: 84%
Magic:  0/14       EV: 11    Int: 12    God:    Trog [*****.]
Gold:   1575       SH:  0    Dex: 19    Spells: 13/13 levels left

rFire   + . .      SeeInvis .   a - +5 triple sword
rCold   . . .      Faith    .   (shield currently unavailable)
rNeg    . . .      Spirit   +   z - +7 chain mail "Fihyv" {+Inv}
rPois   .          Reflect  .   L - +2 hat
rElec   +          Harm     .   w - +0 cloak
rCorr   +          Rampage  .   v - +0 pair of gloves
Will    +....                   I - +2 pair of boots
Stlth   ..........              y - amulet of guardian spirit
HPRegen 0.28/turn               G - ring of Rummoa {rF+ Str+5 Int+2 Dex+3}
MPRegen 0.14/turn               e - ring of the Townfolk {+Blink rElec rCorr AC+4 Dex+3}

@: lethally poisoned (-9 -> -61)
A: hooves 2, molten scales 1, demonic guardian 3, foul stench 2
a: Renounce Religion, Evoke Blink, Evoke Invisibility, Berserk, Trog's Hand,
Brothers in Arms


You were on level 6 of the Lair of Beasts.
You worshipped Trog.
Trog was extremely pleased with you.
You visited 2 branches of the dungeon, and saw 17 of its levels.
You also visited: Ice Cave and Volcano.

You collected 1865 gold pieces.
You spent 290 gold pieces at shops.

Inventory:

Hand Weapons
 a - a +5 triple sword (weapon)
 b - the +10 hunting sling of Otog {vorpal, Will+}
   (You took it off an orc on level 5 of the Dungeon)

   Any ammunition fired from it inflicts extra damage upon your enemies.
   Will:      It increases your willpower.
 c - the +9 falchion of Righteous Fury {vorpal, Fly rCorr Int+3 Dex-3}
   (You took it off a goblin on level 4 of the Dungeon)

   It inflicts extra damage upon your enemies.
   Int:       It affects your intelligence (+3).
   Dex:       It affects your dexterity (-3).
   Fly:       It grants you flight.
   rCorr:     It protects you from acid and corrosion.
 d - a +0 triple sword of flaming
 N - the +4 long sword of Forced Transition {flame, Fragile Str+3 SInv}
   (Trog gifted it to you on level 4 of the Lair of Beasts)

   It burns those it strikes, dealing additional fire damage.
   Big, fiery blades are also staple armaments of hydra-hunters.
   Str:       It affects your strength (+3).
   SInv:      It lets you see invisible.
   Fragile:   It will be destroyed if unequipped.
 P - a +6 vorpal great sword
Missiles
 q - 49 sling bullets
 t - 2 boomerangs of dispersal
 A - 433 stones
 B - a curare-tipped dart
 M - 3 javelins (quivered)
 Q - a throwing net
Armour
 v - a +0 pair of gloves (worn)
 w - a +0 cloak (worn)
 z - the +7 chain mail "Fihyv" (worn) {+Inv}
   (You took it off an orc on level 5 of the Dungeon)

   +Inv:      It lets you turn invisible.
 I - a +2 pair of boots (worn)
 L - a +2 hat (worn)
 S - a +2 plate armour of fire resistance
Jewellery
 e - the ring of the Townfolk (right hand) {+Blink rElec rCorr AC+4 Dex+3}
   (You acquired it on level 3 of the Lair of Beasts)

   [ring of protection]

   AC:        It affects your AC (+4).
   Dex:       It affects your dexterity (+3).
   rElec:     It insulates you from electricity.
   +Blink:    It lets you blink.
   rCorr:     It protects you from acid and corrosion.
 k - a ring of positive energy
 y - an amulet of guardian spirit (around neck)
 G - the ring of Rummoa (left hand) {rF+ Str+5 Int+2 Dex+3}
   (You found it on level 2 of the Lair of Beasts)

   [ring of protection from fire]

   Str:       It affects your strength (+5).
   Int:       It affects your intelligence (+2).
   Dex:       It affects your dexterity (+3).
   rF:        It protects you from fire.
 V - the ring "Ynlod" {rC+ rCorr}
   (You found it in an ice cave)

   [ring of protection from cold]

   rC:        It protects you from cold.
   rCorr:     It protects you from acid and corrosion.
Wands
 h - a wand of iceblast (8)
 i - a wand of polymorph (14)
 m - a wand of flame (36)
 o - a wand of paralysis (6)
 p - a wand of mindburst (7)
 Y - a wand of acid (5)
 Z - a wand of charming (4)
Scrolls
 r - 4 scrolls of immolation
 u - 2 scrolls of blinking
 x - 3 scrolls of identify
 E - 3 scrolls of fog
 F - 2 scrolls of fear
 K - 2 scrolls of silence
 O - 4 scrolls of teleportation
 R - a scroll of torment
 X - a scroll of magic mapping
Potions
 f - 3 potions of might
 g - 4 potions of mutation
 j - 4 potions of curing
 l - a potion of heal wounds
 n - a potion of lignification
 s - a potion of cancellation
 C - 4 potions of haste
 D - a potion of ambrosia
 H - 5 potions of attraction
 J - 3 potions of invisibility
 T - a potion of berserk rage {unknown}
 U - a potion of flight {unknown}
 W - a potion of magic


   Skills:
 * Level 11.4 Fighting
 * Level 18.0 Long Blades
 - Level 1.0 Axes
 + Level 6.2 Slings
 + Level 10.9 Armour
 + Level 5.2 Dodging
 - Level 1.0 Stealth


You had 13 spell levels left.
You didn't know any spells.
Your spell library was empty.

Dungeon Overview and Level Annotations

Branches:
Dungeon (11/15)            Temple (0/1) D:4            Lair (6/6) D:11
  Swamp (0/4) Lair:4       Spider (0/4) Lair:4        Slime (0/5) Lair:6
    Orc (0/2) D:11          IceCv (visited)         Volcano (visited)

Altars:
Fedhas
Gozag
Hepliaklqana
Kikubaaqudgha
Makhleb
Nemelex Xobeh
Okawaru
Qazlal
Ru
Sif Muna
Trog
Vehumet
Yredelemnul
Zin
Beogh

Shops:
D:2 [::((   D:5 :   D:6 (   D:8 *

Annotations:
D:6 2 transporters, Selrock's ghost, novice KoBr
D:10 3 runed translucent doors, GilGalad's ghost, journeyman DDFi


Innate Abilities, Weirdness & Mutations

You have hoof-like feet.
You are partially covered in molten scales. (AC +2)
A powerful demonic guardian rushes to your aid.
You sometimes emit foul miasma when damaged in melee.


Message History

The wolf spider hits you but does no damage.
The wolf spider bites you but does no damage.
The black mamba bites you but does no damage.
The redback closely misses you.
Your balrug completely misses the wolf spider.
The guardian serpent hits the fungus.
The fungus begins to die.
The wolf spider hits you but does no damage.
The wolf spider bites you but does no damage.
You barely miss the wolf spider.
The wolf spider is heavily wounded.
* * * LOW HITPOINT WARNING * * *
You feel extremely sick.
The black mamba bites you but does no damage.
The redback closely misses you.
Your balrug hits the wolf spider with a +0 demon whip of freezing!!
The wolf spider is engulfed in flames!!
Your balrug freezes the wolf spider!
The wolf spider dies!
Trog accepts your kill.
The black mamba bites you but does no damage.
The guardian serpent hits the fungus!
The redback bites you but does no damage.
You feel much better.
* * * LOW HITPOINT WARNING * * *
You feel extremely sick. The black mamba barely misses you.
Your balrug gestures at the black mamba.
The bolt of fire hits the fungus!!
The bolt of fire hits the black mamba!!!
The black mamba dies!
Trog accepts your kill.
The bolt of fire hits the redback!!!
The redback dies!
Trog accepts your kill.
You closely miss the guardian serpent.
* * * LOW HITPOINT WARNING * * *
You feel extremely sick.
The guardian serpent coils itself and waves its upper body at you.
The bolt of poison hits you!!
You are more poisoned.
You die...

▒∙∙∙∙▒▒▒∙∙∙∙
▒▒∙∙∙▒▒∙∙∙∙∙∙
▒∙∙∙▒▒∙)∙∙∙∙∙
▒▒∙∙▒▒∙∙∙∙PP∙∙
▒∙)▒▒∙∙∙∙∙∙∙∙∙
▒▒∙▒▒∙∙∙∙∙▒▒▒∙∙
▒▒▒∙∙▒∙∙∙∙▒▒▒ ∙∙
∙ ▒▒†∙∙∙∙(∙▒▒ ∙∙
$∙∙∙▒▒▒▒6†∙∙▒∙▒▒▒
∙∙
?∙∙∙∙∙∙†SP∙∙▒▒▒
∙∙ "∙∙∙∙∙∙∙∙2∙∙▒
∙∙ $∙∙∙▒▒▒▒∙∙∙∙▒
∙?▒ ▒▒∙∙▒▒ ▒ ▒▒▒▒


You could see a guardian serpent (ally target) and a friendly balrug (summoned).

Vanquished Creatures
  A frost giant (IceCv)
  Nessos (Lair:4)
  A red draconian (Volcano)
  2 catoblepae
  Erolcha (D:9)
  5 hydras
  2 boulder beetles
  A centaur warrior (Volcano)
  3 two-headed ogres
  8 death yaks
  Nergalle (Lair:3)
  Pikel (D:4)
  2 ugly things
  A cyclops (D:8)
  A manticore (D:11)
  4 elephants (Lair:6)
  An ice statue (IceCv)
  9 black mambas
  A gargoyle (Volcano)
  A molten gargoyle (Volcano)
  12 cane toads
  12 komodo dragons
  4 rime drakes
  An unseen horror (D:11)
  3 yaktaurs (Volcano)
  A troll (D:9)
  8 polar bears
  A meliai (Lair:4)
  4 hornets
  13 blink frogs
  Prince Ribbit (D:5)
  Sigmund (D:2)
  6 spriggans (Lair:4)
  A vampire (D:11)
  Eustachio (D:4)
  3 wraiths
  10 wyverns
  The ghost of Zeor the Poker, an amateur DrMo (D:5)
  30 yaks
  3 basilisks
  A redback (Lair:6)
  2 fire bats (Volcano)
  2 steam dragons
  3 vampire mosquitoes (D:10)
  2 acid dragons (D:9)
  A swamp worm (Lair:4)
  19 water moccasins
  Duvessa (D:5)
  10 orc warriors
  4 ice beasts
  2 black bears
  4 sky beasts
  4 necrophages
  30 wolves
  3 ogres
  4 phantoms
  A centaur (Volcano)
  2 lemures (D:4)
  2 kobold brigands
  A gnoll sergeant (D:11)
  11 bullfrogs
  4 scorpions
  2 water moccasin skeletons
  Dowan (D:5)
  3 troll zombies (D:11)
  7 killer bees
  4 howler monkeys
  5 lava snakes (Volcano)
  A centaur zombie (D:10)
  11 jellies
  3 hounds (D:6)
  A gnoll shaman (D:7)
  15 orc priests
  Jessica (D:2)
  A centaur skeleton (D:5)
  2 iguanas
  Ijyb (D:4)
  19 orc wizards
  4 ogre zombies (D:11)
  2 howler monkey zombies
  16 gnolls
  10 adders
  10 river rats (D:6)
  A white imp (D:6)
  2 ufetubi (D:6)
  A worm (D:2)
  3 dart slugs
  54 orcs
  4 bats
  10 endoplasms
  6 giant cockroaches
  9 goblins
  8 hobgoblins
  7 jackals
  14 kobolds
  11 quokkas
  6 ball pythons
  4 frilled lizards
  4 goblin zombies (D:11)
  A hobgoblin skeleton (D:11)
  A hobgoblin zombie (D:11)
  2 orc skeletons (D:11)
  16 orc zombies (D:11)
  29 rats
588 creatures vanquished.

Vanquished Creatures (collateral kills)
  A hydra (Lair:3)
  A two-headed ogre (D:11)
  10 death yaks
  A wolf spider (Lair:6)
  A torpor snail (Lair:4)
  2 black mambas
  A cane toad (Lair:6)
  A rime drake (Lair:5)
  A komodo dragon (Lair:4)
  3 blink frogs (Lair:5)
  A shadow (D:11)
  2 yaks (Lair:5)
  A redback (Lair:6)
  A water moccasin (Lair:4)
  A wolf (IceCv)
  A scorpion (D:3)
  A troll zombie (D:11)
  A lava snake (Volcano)
  A ball python (D:3)
  A hobgoblin zombie (D:11)
33 creatures vanquished.

Vanquished Creatures (others)
  A yak (IceCv)
  An orc wizard (D:7)
  7 bushes
  49 fungi
  106 plants
164 creatures vanquished.

Grand Total: 785 creatures vanquished

Notes
Turn   | Place    | Note
-------+----------+-------------------------------------------
     0 | D:1      | Zeor the Demonspawn Berserker began the quest for the Orb.
     0 | D:1      | Reached XP level 1. HP: 18/18 MP: 1/1
   216 | D:1      | Found a faded altar of an unknown god.
   407 | D:1      | Gained mutation: You have large cloven feet. [demonic
                  | ancestry]
   407 | D:1      | Reached XP level 2. HP: 24/24 MP: 2/2
   413 | D:1      | Reached skill level 3 in Long Blades
   533 | D:1      | Reached ** piety under Trog
   742 | D:2      | Found Fezxoeth's Antique Armour Shop.
   825 | D:2      | Gained mutation: A weak demonic guardian rushes to your
                  | aid. [demonic ancestry]
   825 | D:2      | Reached XP level 3. HP: 24/30 MP: 3/3
   926 | D:2      | Found Kopadot's Book Boutique.
   949 | D:2      | Found Paoshr Arypt's Antique Weapon Shop.
  1040 | D:2      | Found Gesmit's Weapon Boutique.
  1041 | D:2      | Noticed Sigmund
  1053 | D:2      | Killed Sigmund
  1054 | D:2      | Reached skill level 4 in Long Blades
  1054 | D:2      | Gained mutation: A demonic guardian rushes to your aid.
                  | [demonic ancestry]
  1054 | D:2      | Reached XP level 4. HP: 37/37 MP: 4/4
  1054 | D:2      | Reached XP level 5. HP: 42/42 MP: 5/5
  1144 | D:2      | Reached skill level 5 in Long Blades
  1385 | D:2      | Found Suxoclo's Book Shop.
  1436 | D:2      | Noticed Jessica
  1441 | D:2      | Killed Jessica
  1442 | D:2      | Gained mutation: A powerful demonic guardian rushes to your
                  | aid. [demonic ancestry]
  1442 | D:2      | Reached XP level 6. HP: 44/48 MP: 6/6
  1759 | D:3      | You fall into a shaft and drop 2 floors!
  1759 | D:5      | Entered Level 5 of the Dungeon
  2070 | D:3      | Reached *** piety under Trog
  2118 | D:3      | Reached skill level 6 in Long Blades
  2645 | D:4      | Noticed Pikel
  2669 | D:4      | Killed Pikel
  2670 | D:4      | Reached skill level 7 in Long Blades
  2670 | D:4      | Reached XP level 7. HP: 23/55 MP: 2/7
  2930 | D:4      | Found a transporter.
  3106 | D:4      | Reached XP level 8. HP: 45/61 MP: 8/8
  3195 | D:4      | Found a transporter.
  3210 | D:4      | Identified the +9 falchion of Righteous Fury {vorpal, Fly
                  | rCorr Int+3 Dex-3}
  3211 | D:4      | Noticed Eustachio
  3219 | D:4      | Killed Eustachio
  3220 | D:4      | Reached skill level 5 in Fighting
  3454 | D:4      | Noticed Ijyb
  3466 | D:4      | Killed Ijyb
  3619 | D:4      | Found a staircase to the Ecumenical Temple.
  3643 | D:4      | Found a blossoming altar of Fedhas.
  4171 | D:5      | Reached skill level 8 in Long Blades
  4270 | D:5      | Noticed Duvessa
  4271 | D:5      | Noticed Dowan
  4278 | D:5      | Killed Duvessa
  4285 | D:5      | Killed Dowan
  4543 | D:5      | Found Figge's Book Shop.
  4600 | D:5      | Gained mutation: You are partially covered in molten
                  | scales. (AC +2) [demonic ancestry]
  4600 | D:5      | Reached XP level 9. HP: 68/68 MP: 9/9
  4684 | D:5      | Found a runed translucent gate.
  4684 | D:5      | Found a runed translucent gate.
  4686 | D:5      | Found a runed translucent gate.
  4686 | D:5      | Identified the +10 hunting sling of Otog {vorpal, Will+}
  4686 | D:5      | Identified the +7 chain mail "Fihyv" {+Inv}
  4691 | D:5      | Identified the +10 plate armour "Aruph" {-Cast Str+3 Dex+8
                  | Slay-4}
  4693 | D:5      | Noticed Zeor's ghost (amateur DrMo)
  4997 | D:5      | Noticed Prince Ribbit
  5005 | D:5      | Killed Prince Ribbit
  5005 | D:5      | Reached **** piety under Trog
  5006 | D:5      | Reached skill level 5 in Armour
  5167 | D:5      | Killed Zeor's ghost
  5168 | D:5      | Reached skill level 9 in Long Blades
  5309 | D:2      | Bought 10 sling bullets for 50 gold pieces
  5660 | D:6      | Found an iron altar of Okawaru.
  5724 | D:6      | Found an opulent altar of Gozag.
  5907 | D:6      | Found Kutzuschy's Weapon Shoppe.
  5942 | D:6      | Noticed Selrock's ghost (novice KoBr)
  5956 | D:6      | Found a transporter.
  5961 | D:6      | Found a transporter.
  5993 | D:6      | Reached skill level 10 in Long Blades
  6189 | D:6      | Found a hazy altar of Hepliaklqana.
  6195 | D:6      | Found a faded altar of an unknown god.
  6197 | D:6      | Found a sacrificial altar of Ru.
  6199 | D:6      | Found a faded altar of an unknown god.
  6272 | D:6      | Reached skill level 1 in Slings
  6295 | D:6      | Reached ***** piety under Trog
  6578 | D:6      | Gained mutation: You may rarely emit foul miasma when
                  | damaged in melee. [demonic ancestry]
  6578 | D:6      | Reached XP level 10. HP: 74/76 MP: 10/10
  7067 | D:7      | Found a basalt altar of Yredelemnul.
  7274 | D:7      | Found a radiant altar of Vehumet.
  7408 | D:7      | Found a bloodstained altar of Trog.
  7653 | D:7      | Found a shimmering blue altar of Sif Muna.
  7657 | D:7      | Reached skill level 1 in Stealth
  7849 | D:8      | Found Reahug's General Store.
  7856 | D:8      | Bought a scroll of identify for 26 gold pieces
  7856 | D:8      | Bought a +2 pair of boots for 214 gold pieces
  7932 | D:8      | Noticed a cyclops
  7946 | D:8      | Killed a cyclops
  8240 | D:8      | Reached skill level 11 in Long Blades
  8514 | D:8      | Found a stormy altar of Qazlal.
  8523 | D:8      | Found an ancient bone altar of Kikubaaqudgha.
  8659 | D:9      | Noticed a two-headed ogre
  8670 | D:9      | Killed a two-headed ogre
  8820 | D:9      | Received a gift from Trog
  9225 | D:9      | Noticed a two-headed ogre
  9243 | D:9      | Killed a two-headed ogre
  9244 | D:9      | Gained mutation: You have hoof-like feet. [demonic
                  | ancestry]
  9244 | D:9      | Reached XP level 11. HP: 64/84 MP: 8/11
 10077 | D:9      | Noticed Erolcha
 10083 | D:9      | Killed Erolcha
 10084 | D:9      | Reached skill level 12 in Long Blades
 10185 | D:9      | Found a burning altar of Makhleb.
 10508 | D:10     | Entered Level 10 of the Dungeon
 10706 | D:10     | Noticed a two-headed ogre
 10709 | D:10     | Killed a two-headed ogre
 11049 | D:10     | Found a runed translucent gate.
 11049 | D:10     | Found a runed translucent gate.
 11050 | D:10     | Found a runed translucent gate.
 11051 | D:10     | Noticed GilGalad's ghost (journeyman DDFi)
 11524 | D:11     | Noticed a cyan ugly thing
 11532 | D:11     | Killed a cyan ugly thing
 11534 | D:11     | Noticed a boulder beetle
 11549 | D:11     | Killed a boulder beetle
 11550 | D:11     | Reached skill level 13 in Long Blades
 11550 | D:11     | Noticed a two-headed ogre
 11560 | D:11     | Killed a two-headed ogre
 11862 | D:11     | Received a gift from Trog
 11922 | D:11     | Found a staircase to the Orcish Mines.
 12003 | D:11     | Reached XP level 12. HP: 82/92 MP: 10/12
 12235 | D:11     | Found a staircase to the Lair.
 12504 | Lair:1   | Entered Level 1 of the Lair of Beasts
 12637 | Lair:1   | Noticed a six-headed hydra
 12982 | Lair:1   | Noticed a five-headed hydra
 13749 | Lair:2   | Reached skill level 14 in Long Blades
 13791 | Lair:2   | Identified the ring of Rummoa {rF+ Str+5 Int+2 Dex+3}
 13892 | Lair:2   | Noticed a six-headed hydra
 14235 | Lair:3   | Found a sparkling altar of Nemelex Xobeh.
 14245 | Lair:3   | Noticed a death yak
 14254 | Lair:3   | Noticed a death yak
 14255 | Lair:3   | Killed a death yak
 14256 | Lair:3   | Noticed a death yak
 14261 | Lair:3   | Killed a death yak
 14262 | Lair:3   | Killed a death yak
 14266 | Lair:3   | Found a dark tunnel.
 14277 | Volcano  | Entered a volcano
 14919 | Volcano  | Found a bloodstained altar of Trog.
 14919 | Volcano  | Noticed a centaur warrior
 14928 | Volcano  | Killed a centaur warrior
 14940 | Volcano  | Reached skill level 5 in Slings
 15084 | Volcano  | Noticed a red draconian
 15095 | Volcano  | Killed a red draconian
 15581 | Lair:2   | Killed a one-headed hydra
 15794 | Lair:1   | Killed a one-headed hydra
 15795 | Lair:1   | Reached skill level 15 in Long Blades
 15795 | Lair:1   | Reached XP level 13. HP: 54/99 MP: 7/13
 16343 | Lair:1   | Reached skill level 1 in Axes
 17057 | Lair:3   | Identified a scroll of acquirement
 17058 | Lair:3   | Acquired the ring of the Townfolk {+Blink rElec rCorr AC+4
                  | Dex+3}
 17225 | Lair:3   | Noticed Nergalle
 17235 | Lair:3   | Killed Nergalle
 17679 | Lair:3   | Reached skill level 10 in Armour
 18268 | Lair:4   | Noticed Nessos
 18269 | Lair:4   | Found a hole to the Spider Nest.
 18278 | Lair:4   | HP: 5/101 [poisoned by Nessos]
 18643 | Lair:4   | Identified the +4 long sword of Forced Transition {flame,
                  | Fragile Str+3 SInv} (Trog gifted it to you on level 4 of
                  | the Lair of Beasts)
 18643 | Lair:4   | Received a gift from Trog
 18873 | Lair:4   | Killed Nessos
 19635 | Lair:4   | Reached skill level 16 in Long Blades
 19704 | Lair:4   | Found a staircase to the Swamp.
 19748 | Lair:5   | Reached skill level 10 in Fighting
 19755 | Lair:5   | Reached skill level 5 in Dodging
 19768 | Lair:5   | Gained mutation: You sometimes emit foul miasma when
                  | damaged in melee. [demonic ancestry]
 19768 | Lair:5   | Reached XP level 14. HP: 52/110 MP: 8/14
 20139 | Lair:5   | Found a frozen archway.
 20186 | IceCv    | Entered an ice cave
 20653 | IceCv    | Received a gift from Trog
 20736 | IceCv    | Noticed a frost giant
 20768 | IceCv    | Killed a frost giant
 20775 | IceCv    | Reached skill level 17 in Long Blades
 20963 | IceCv    | Identified the ring "Ynlod" {rC+ rCorr}
 21024 | Lair:5   | Identified the +2 flail "Xollyj" {venom, Will+ Str+4}
 21031 | Lair:5   | Acquired 772 gold pieces
 21525 | Lair:6   | Entered Level 6 of the Lair of Beasts
 21525 | Lair:6   | Found a staircase to the Slime Pits.
 21898 | Lair:6   | Paralysed by a hornet for 2 turns
 22852 | Lair:6   | Reached skill level 18 in Long Blades
 22900 | Lair:6   | HP: 4/113 [poisoned by a guardian serpent (bolt of poison)]
 22902 | Lair:6   | Killed from afar by a guardian serpent

Illustrated notes

Levels and vault maps discovered:
D:1:      wander_arrival_peaceful_grave, layout_rooms, basic_ecumenical_altar
D:2:      layout_rooms, serial_shops, nicolae_shop_hallway_stairs, shop, shop,
          nicolae_shop_overgrown_old_shop, shop, small_statue_intersection,
          minmay_hexomino_f4, uniq_jessica, uniq_sigmund
D:3:      layout_rooms, minmay_liquid_box
D:4:      gammafunk_wand_slinger, layout_loops_ring, fedhas_altar_decomposition,
          temple_green, uniq_pikel, uniq_eustachio, uniq_ijyb
D:5:      layout_gridville, serial_shops, nicolae_shop_hallway_plus,
          biasface_ghost_orc_armoury, uniq_prince_ribbit1, uniq_duvessa
D:6:      lemuel_ratsnest, layout_cave_pools, mainiacjoe_overflow_brackets,
          nicolae_gozag_seed_capital, chequers_temple_overflow_minitemple,
          serial_shops, nicolae_shop_trees, gammafunk_ghost_hive,
          minmay_alternating_orb
D:7:      layout_basic, nzn_overflow_gifts_of_might_and_magic,
          general_overflow_altar, mainiacjoe_overflow_small_starburst
D:8:      layout_loops_cross, mainiacjoe_overflow_swirl, serial_shops,
          shop_statue
D:9:      layout_grid_maze, lightli_temple_of_fire, minmay_chambers_of_fives,
          uniq_erolcha
D:10:     layout_loops_ring, gammafunk_ghost_necromancy, minivault_5,
          grunt_ministairs_4
D:11:     layout_rooms, david_lair_shrubbed, zombieorc2_lemuel
Lair:1:   layout_cave_pods, minmay_hedge_maze, minivault_24
Lair:2:   layout_concentric_octagons, serial_bayou_pond_e
Lair:3:   layout_loops_ring, nicolae_volcano_entry_lava_flow, basic_altar,
          uniq_nergalle
Lair:4:   layout_roguey, minmay_swamp_entry_worms,
          hellmonk_spider_entry_not_the_bees, wad_woods_01, uniq_nessos
Lair:5:   layout_concentric_octagons, portal_ice_cave_entry_animals_and_master,
          st_stairs_6
Lair:6:   hangedman_lair_tendril_chambers, layout_misc_corridors,
          minmay_slime_entry_jelly_boxes, nicolae_lair_liquid_snakes

Skill      XL: |  1  2  3  4  5  6  7  8  9 10 11 12 13 14 |
---------------+-------------------------------------------+-----
Long Blades    | 3 4 5 7 8 10 11 13 15 16 18 | 18.0
Fighting       | 4 5 6 7 8 10 11 | 11.4
Dodging        | 2 3 4 5 |  5.2
Armour         | 3 4 6 7 8 9 10 | 10.9
Slings         | 1 2 4 5 6 |  6.2
Stealth        | 1 |  1.0
Axes           | 1 |  1.0

Action                   |  1- 3 |  4- 6 |  7- 9 | 10-12 | 13-15 || total
-------------------------+-------+-------+-------+-------+-------++-------
Melee: Falchion          |    61 |       |   298 |   169 |       ||   528
       Kick              |    17 |    20 |    70 |    17 |       ||   124
       Long sword        |    23 |   110 |    33 |       |       ||   166
       Punch             |       |       |     4 |     3 |       ||     7
       Great sword       |       |       |       |   189 |       ||   189
       Triple sword      |       |       |       |   295 |   534 ||   829
       Battleaxe         |       |       |       |    14 |    12 ||    26
 Fire: Hunting sling     |       |       |       |     2 |     9 ||    11
Throw: Javelin           |       |       |       |       |     1 ||     1
Invok: Berserk           |     1 |     2 |     1 |     4 |     4 ||    12
       Trog's Hand       |     1 |       |     1 |       |     3 ||     5
       Brothers in Arms  |       |       |       |     2 |     4 ||     6
  Use: Scroll            |       |     6 |     6 |    11 |     7 ||    30
       Potion            |       |     2 |       |     1 |     4 ||     7
 Stab: Petrifying        |       |       |       |       |     1 ||     1
       Petrified         |       |       |       |       |     1 ||     1
Armor: Animal skin       |     5 |     2 |       |       |       ||     7
       Ring mail         |       |    25 |    48 |       |       ||    73
       Chain mail        |       |       |    98 |   592 |   487 ||  1177
Dodge: Dodged            |    51 |    59 |   118 |   412 |   368 ||  1008
